 Dungeon Crawl Stone Soup version 0.30-a0-672-gc3a7216ad8 (webtiles) character file.

Game seed: 11778838143138236813

313 Leeroy the Slasher (level 6, -7/35 HPs)
             Began as a Tengu Warper on Jan 18, 2023.
             Killed from afar by an orc wizard (9 damage)
             ... with a magic dart
             ... on level 4 of the Dungeon.
             The game lasted 00:04:30 (2355 turns).

Leeroy the Slasher (Tengu Warper)                   Turns: 2355, Time: 00:04:30

Health: -7/35      AC:  5    Str: 11      XL:     6   Next: 43%
Magic:  10/10      EV: 12    Int: 13 (14) God:
Gold:   167        SH:  0    Dex: 14 (15) Spells: 4/9 levels left

rFire   . . .      SeeInvis .    a - +0 falchion
rCold   . . .      Faith    .    (no shield)
rNeg    . . .      Spirit   .    v - +0 ring mail
rPois   .          Reflect  .    (helmet restricted)
rElec   .          Harm     .    (no cloak)
rCorr   .          Rampage  .    (no gloves)
Will    .....                    (boots unavailable)
Stlth   +                        (no amulet)
HPRegen 0.25/turn                (no ring)
MPRegen 0.12/turn                (no ring)

@: flying quickly and evasively, quick
A: beak, talons 3, nimble flight, screaming 1
a: no special abilities


You were on level 4 of the Dungeon.
You visited 1 branch of the dungeon, and saw 3 of its levels.

You collected 167 gold pieces.

Inventory:

Hand Weapons
 a - a +0 falchion (weapon)
 x - a +0 rapier
Missiles
 d - 7 boomerangs of dispersal (quivered)
Armour
 b - a +0 leather armour
 v - a +0 ring mail (worn)
Jewellery
 h - a +5 ring of evasion
 q - an amulet of magic regeneration
 r - a ring of fire
 y - a +6 ring of strength
Scrolls
 c - a scroll of blinking
 f - a scroll of vulnerability {unknown}
 g - a scroll of acquirement {unknown}
 k - a scroll of immolation {unknown}
 l - 3 scrolls of teleportation {unknown}
 n - a scroll of summoning {unknown}
 t - a scroll of torment {unknown}
 u - a scroll of identify {unknown}
Potions
 e - a potion of ambrosia {unknown}
 i - a potion of might {unknown}
 j - a potion of lignification {unknown}
 m - a potion of degeneration
 o - a potion of magic {unknown}
 p - a potion of flight {unknown}
 s - a potion of cancellation {unknown}
 w - a potion of brilliance {unknown}


   Skills:
 - Level 2.0 Fighting
 + Level 7.2 Long Blades
 - Level 1.0 Throwing
 - Level 1.1 Armour
 - Level 2.1 Dodging
 - Level 2.0 Spellcasting
 - Level 2.5 Translocations


You had 4 spell levels left.
You knew the following spells:

 Your Spells              Type           Power      Damage    Failure   Level
a - Blink                 Tloc           14%        N/A       32%         2
b - Vhi's Electric Charg  Tloc/Air       8%         N/A       71%         3

Your spell library contained the following spells:

 Spells                   Type           Power      Damage    Failure   Level
 Lesser Beckoning         Tloc           14%        N/A       32%         2
 Beastly Appendage        Tmut           2%         N/A       52%         1
 Magic Dart               Conj           4%         1d3       52%         1
 Teleport Other           Tloc           7%         N/A       54%         3
 Searing Ray              Conj           2%         2d4       65%         2
 Wereblood                Tmut           1%         N/A       65%         2
 Inner Flame              Hex/Fire       1%         N/A       87%         3
 Spider Form              Tmut/Pois      1%         N/A       87%         3
 Manifold Assault         Tloc           7%         N/A       91%         4
 Cause Fear               Hex            0%         N/A       99%         4
 Fulminant Prism          Conj/Hex       0%         3d5       99%         4
 Discord                  Hex            0%         N/A       100%        8


Dungeon Overview and Level Annotations

Branches:
Dungeon (2/15)

Altars:


Innate Abilities, Weirdness & Mutations

You have a beak for a mouth.
You have claws for feet.
Your magical nature lets you fly swiftly and evasively.
You occasionally shout uncontrollably at your foes.


Message History

The orc burns you.
You are too injured to fight recklessly!
You are too injured to fight recklessly!
You are too injured to fight recklessly!
You are too injured to fight recklessly!
You are too injured to fight recklessly!
You are too injured to fight recklessly!
You are too injured to fight recklessly!
Unknown command.
You closely miss something. The orc barely misses you.
Something hits you but does no damage.
You closely miss something. Your peck misses something.
The orc hits you from afar with a +0 trident of flaming.
The orc burns you. Something hits you but does no damage.
You closely miss something. You claw something.
The orc hits you but does no damage.
You hear some strange, mumbled words.
A puff of flame appears from out of thin air!
The puff of flame misses you.
You closely miss something. Your kick misses something.
Your peck misses something. The orc closely misses you. Something hits you.
You barely miss something. The orc completely misses you.
You hear some strange, mumbled words.
A puff of flame appears from out of thin air!
The puff of flame hits you.
* * * LOW HITPOINT WARNING * * *
You miss something. You claw something. The orc barely misses you.
You hear some strange, mumbled words.
A magic dart appears from out of thin air!
The magic dart hits you.
* * * LOW HITPOINT WARNING * * *
You closely miss something. Your peck misses something.
Your punch misses something. You closely miss something.
Your kick misses something.
The orc wizard casts a spell.
The orc wizard flickers and vanishes!
The orc barely misses you.
You hear some strange, mumbled words.
A magic dart appears from out of thin air!
The magic dart hits you!
You die...

..###.# ....... ...##
....# #. ....# ... .
>.###..## ##.# #........
....#
...##.############o....#
#..####.........@{{....#
.......#.#########r#...#
#.####.#.#### # #
#.####.#....#
####...###### # #.#### #
#....# # ####.#
#######.#


You could see an orc and a quokka.

Vanquished Creatures
  A necrophage (D:4)
  A scorpion (D:4)
  3 iguanas (D:4)
  4 adders
  An ufetubus (D:4)
  3 worms
  A dart slug (D:1)
  2 orcs (D:4)
  4 bats (D:2)
  8 endoplasms
  A giant cockroach (D:2)
  5 goblins
  13 hobgoblins
  7 kobolds
  3 quokkas (D:1)
  6 ball pythons
  5 frilled lizards
  A rat (D:1)
69 creatures vanquished.

Notes
Turn   | Place    | Note
-------+----------+-------------------------------------------
     0 | D:1      | Leeroy the Tengu Warper began the quest for the Orb.
     0 | D:1      | Reached XP level 1. HP: 12/12 MP: 4/4
   186 | D:1      | Reached XP level 2. HP: 17/17 MP: 6/6
   200 | D:1      | Reached skill level 3 in Long Blades
   452 | D:1      | Reached XP level 3. HP: 11/21 MP: 7/7
   750 | D:2      | Reached skill level 4 in Long Blades
   849 | D:1      | Learned a level 2 spell: Blink
   853 | D:1      | Learned a level 3 spell: Vhi's Electric Charge
   936 | D:2      | Reached XP level 4. HP: 26/26 MP: 8/8
  1296 | D:2      | Reached skill level 5 in Long Blades
  1398 | D:2      | You fall into a shaft and drop 2 floors!
  1493 | D:4      | Gained mutation: Your magical nature lets you fly swiftly
                  | and evasively. [Tengu growth]
  1493 | D:4      | Reached XP level 5. HP: 30/30 MP: 9/9
  1549 | D:4      | Gained mutation: You occasionally lose the ability to read
                  | scrolls when taking damage. [potion of mutation]
  1549 | D:4      | Gained mutation: You expend magic power (3 MP) to
                  | strengthen your wands. [potion of mutation]
  1566 | D:4      | Reached skill level 6 in Long Blades
  1864 | D:4      | Lost mutation: You occasionally lose the ability to read
                  | scrolls when taking damage. [potion of mutation]
  1864 | D:4      | Lost mutation: You expend magic power (3 MP) to strengthen
                  | your wands. [potion of mutation]
  1864 | D:4      | Gained mutation: You occasionally shout uncontrollably at
                  | your foes. [potion of mutation]
  2090 | D:4      | Reached XP level 6. HP: 30/35 MP: 10/10
  2187 | D:4      | Reached skill level 7 in Long Blades
  2355 | D:4      | Killed from afar by an orc wizard

Illustrated notes

Levels and vault maps discovered:
D:1:      onia_arrival_pentagram, layout_loops_ring
D:2:      layout_basic, serial_corexii_hall, chequers_hall_statues_wall_a,
          corexii_hall_statues_x, minmay_cupped
D:4:      layout_basic, minmay_puff

Skill      XL: |  1  2  3  4  5  6 |
---------------+-------------------+-----
Long Blades    | 3 4 5 6 7 |  7.2
Fighting       | |  2.0
Throwing       | |  1.0
Armour         | |  1.1
Dodging        | |  2.1
Spellcasting   | |  2.0
Translocations | |  2.5

Action                   |  1- 3 |  4- 6 || total
-------------------------+-------+-------++-------
Melee: Falchion          |    80 |   133 ||   213
       Kick              |    24 |    28 ||    52
       Peck              |    10 |    16 ||    26
  Use: Potion            |       |     5 ||     5
Armor: Leather armour    |    28 |     7 ||    35
       Ring mail         |       |    24 ||    24
Dodge: Dodged            |    61 |    75 ||   136

Table legend: (Time is in decaauts)
 A = Elapsed time spent in this place.
 B = Non-inter-level travel time spent in this place.
 C = Inter-level travel time spent in this place.
 D = Time resting spent in this place.
 E = Time spent auto-exploring this place.
 F = Levels seen in this place.
 G = Mean time per level.
                   A        B        C        D        E       F      G
               +--------+--------+--------+--------+--------+-----+--------+
         Total |   2329 |   2322 |      7 |      0 |   1753 |   3 |  776.3 |
       Dungeon |   2329 |   2322 |      7 |      0 |   1753 |   3 |  776.3 |
               +--------+--------+--------+--------+--------+-----+--------+

Top non-repeatable levels by time:
     D:4: 918 daAuts
     D:2: 733 daAuts
     D:1: 677 daAuts
